 Dungeon Crawl Stone Soup version 0.29.0-13-gc9e81de378 (webtiles) character file.

Game seed: 4927533693844655353

70 xian the Sneak (level 4, -1/28 HPs)
             Began as an Octopode Enchanter on Sept 9, 2022.
             Killed from afar by Natasha (7 damage)
             ... with a magic dart
             ... on level 2 of the Dungeon.
             The game lasted 00:03:42 (1475 turns).

xian the Sneak (Octopode Enchanter)                 Turns: 1475, Time: 00:03:43

Health: -1/28      AC:  1    Str:  9    XL:     4   Next: 22%
Magic:  2/7        EV: 13    Int: 17    God:
Gold:   47         SH:  0    Dex: 12    Spells: 5/7 levels left

rFire   . . .      SeeInvis +   a - +1 dagger
rCold   + . .      Faith    .   (no shield)
rNeg    . . .      Spirit   .   (helmet restricted)
rPois   .          Reflect  .   (no amulet)
rElec   .          Harm     .   d - ring of protection from cold
rCorr   .          Rampage  .   i - ring of see invisible
Will    .....                   (no ring)
Stlth   ++++......              (no ring)
HPRegen 0.09/turn               (no ring)
MPRegen 0.10/turn               (no ring)
                                (no ring)
                                (no ring)

@: no status effects
A: almost no armour, amphibious, 8 rings, camouflage 1, gelatinous body 1,
(nimble swimmer 1), tentacles
a: no special abilities


You were on level 2 of the Dungeon.
You visited 1 branch of the dungeon, and saw 2 of its levels.

You collected 47 gold pieces.

Inventory:

Hand Weapons
 a - a +1 dagger (weapon)
Missiles
 g - 6 poisoned darts (quivered)
Jewellery
 d - a ring of protection from cold (left tentacle)
 i - a ring of see invisible (right tentacle)
Scrolls
 c - a scroll of teleportation {unknown}
 e - a scroll of magic mapping {unknown}
 f - a scroll of identify {unknown}
 j - a scroll of enchant armour {unknown}
Potions
 b - 4 potions of invisibility
 h - a potion of magic {unknown}
 k - a potion of brilliance {unknown}
 l - a potion of ambrosia {unknown}


   Skills:
 + Level 1.2 Fighting
 + Level 1.5 Short Blades
 + Level 2.4 Dodging
 + Level 4.9 Stealth
 + Level 2.3 Spellcasting
 + Level 3.3 Hexes


You had 5 spell levels left.
You knew the following spells:

 Your Spells              Type           Power      Damage    Failure   Level
a - Ensorcelled Hibernat  Hex/Ice        14%        N/A       14%         2

Your spell library contained the following spells:

 Spells                   Type           Power      Damage    Failure   Level
 Confusing Touch          Hex            13%        N/A       14%         3
 Tukima's Dance           Hex            13%        N/A       14%         3
 Beastly Appendage        Tmut           4%         N/A       19%         1
 Wereblood                Tmut           2%         N/A       28%         2
 Dazzling Flash           Conj/Hex       14%        N/A       28%         3
 Portal Projectile        Hex/Tloc       14%        N/A       28%         3
 Call Canine Familiar     Summ           2%         N/A       50%         3
 Spider Form              Tmut/Pois      2%         N/A       50%         3
 Leda's Liquefaction      Hex/Erth       3%         N/A       67%         4


Dungeon Overview and Level Annotations

Branches:
Dungeon (2/15)

Altars:

Shops:
D:1 =

Annotations:
D:2 Natasha


Innate Abilities, Weirdness & Mutations

You cannot wear most types of armour.
You are amphibious.
You can wear up to eight rings at the same time.
Your skin changes colour to match your surroundings (Stealth+).
Your rubbery body absorbs attacks. (AC +1, EV +1)
((You are camouflaged when in or above water. (Stealth+)))
You have tentacles for arms and can constrict up to eight enemies at once.


Message History

The iron imp barely misses you. Natasha casts a spell at you.
You resist with significant effort.
You hit Natasha.
You kill Natasha!
Natasha screams in pain as she dies!
The crimson imp disappears in a puff of smoke!
The iron imp disappears in a puff of smoke!
Your Fighting skill increases to level 1!
You have reached level 4!
Natasha, Servant of Life and Death comes into view.
Found a stone staircase leading down.
Your magical contamination has completely faded away.
Natasha stares at you and mumbles some strange words.
The magic dart hits you! Natasha barely misses you.
You hit Natasha. You grab Natasha.
Natasha is lightly wounded.
You constrict Natasha, but do no damage.
Natasha casts a spell at you. The magic dart hits you!
You hit Natasha but do no damage.
Natasha is lightly wounded.
You constrict Natasha.
Natasha wildly gestures.
Natasha glows brightly for a moment.
Natasha misses you.
You hit Natasha.
Natasha is moderately wounded.
You constrict Natasha. Natasha barely misses you.
You hit Natasha.
Natasha is severely wounded.
You constrict Natasha. Natasha claws you!
* * * LOW HITPOINT WARNING * * *
You barely miss Natasha.
Natasha is severely wounded.
You constrict Natasha. Natasha casts a spell at you. The magic dart hits you!
You die...

###.##
########...#
...........#
########.#.#
.........#.#
.######..#.#
#.......#.#
####...##.#.#
#@....[.....#
#h.#.####.###
....##.# ..
......##.# ##
#'#...##..
#...######
.>## ##


You could see Natasha.

Vanquished Creatures
  Natasha (D:2)
  An adder (D:2)
  2 worms (D:2)
  A dart slug (D:1)
  2 bats
  2 endoplasms (D:1)
  2 giant cockroaches
  3 goblins (D:1)
  4 hobgoblins (D:1)
  2 kobolds (D:1)
  3 quokkas
  A ball python (D:1)
  2 frilled lizards
  3 rats
29 creatures vanquished.

Notes
Turn   | Place    | Note
-------+----------+-------------------------------------------
     0 | D:1      | xian the Octopode Enchanter began the quest for the Orb.
     0 | D:1      | Reached XP level 1. HP: 11/11 MP: 3/3
   181 | D:1      | Reached XP level 2. HP: 17/17 MP: 5/5
   184 | D:1      | Learned a level 2 spell: Ensorcelled Hibernation
   226 | D:1      | Found Uraom's Jewellery Boutique.
   881 | D:1      | Found a faded altar of an unknown god.
   947 | D:1      | Reached XP level 3. HP: 21/21 MP: 6/6
  1445 | D:2      | Noticed Natasha
  1458 | D:2      | Killed Natasha
  1459 | D:2      | Reached skill level 1 in Fighting
  1459 | D:2      | Reached XP level 4. HP: 28/28 MP: 0/7
  1466 | D:2      | Noticed Natasha
  1475 | D:2      | Killed from afar by Natasha

Illustrated notes

Levels and vault maps discovered:
D:1:      dpeg_arrival_tiny_g, layout_basic, serial_shops, shop,
          chequers_ecumenical_altar_simple
D:2:      layout_basic, glass_columns_c, uniq_natasha

Skill      XL: |  1  2  3 |
---------------+----------+-----
Fighting       | 1 |  1.2
Short Blades   | |  1.5
Dodging        | |  2.4
Stealth        | |  4.9
Spellcasting   | |  2.3
Hexes          | |  3.3

Action                   |  1- 3 |  4- 6 || total
-------------------------+-------+-------++-------
Melee: Dagger            |    62 |     5 ||    67
       Tentacles         |    11 |       ||    11
       Constrict         |     9 |     1 ||    10
Throw: Dart              |     2 |       ||     2
 Cast: Ensorcelled Hiber |     1 |       ||     1
 Stab: Sleeping          |    12 |       ||    12
Armor: Skin              |     7 |       ||     7
Dodge: Dodged            |    23 |     3 ||    26
